PCL
SAN JOSE MISSIONS @ DISTRICT 9 PRAWNS
08/27/2030
 
TOP OF THE 1ST
San Jose Missions batting - Pitching for District 9 Prawns : RHP Larry Johnston
Pitching: RHP Larry Johnston
Batting: RHB Dan Mason 0-0: Ball
1-0: Ball
2-0: Called Strike
2-1: Called Strike
2-2: Ball
3-2: Fly out, F3 (Line Drive, 3S)
Batting: RHB Jesús Cruz 0-0: Foul Ball, location: 2F
0-1: Swinging Strike
0-2: Foul Ball, location: 2F
0-2: Fly out, F6 (Line Drive, 6M)
Batting: LHB Weston Chaney 0-0: Ball
1-0: Foul Ball, location: 2F
1-1: Ball
2-1: SINGLE (Line Drive, 6M)
Batting: SHB Ángel González 0-0: Called Strike
0-1: Fly out, F5 (Popup, 5)
Top of the 1st over - 0 runs, 1 hit, 0 errors, 1 left on base; San Jose 0 - District 9 0
BOTTOM OF THE 1ST
District 9 Prawns batting - Pitching for San Jose Missions : RHP José Rivera
Pitching: RHP José Rivera
Batting: SHB David Boyle 0-0: Ball
1-0: Foul Ball, location: 2F
1-1: Ball
2-1: Foul Ball, location: 2F
2-2: Ball
3-2: Base on Balls
Batting: SHB Chris Barrett 0-0: Ball
1-0: Ball
2-0: Hit by Pitch
David Boyle to second
Batting: LHB Terry Simpson 0-0: Swinging Strike
0-1: Swinging Strike
0-2: Ball
1-2: Ball
2-2: Strikes out looking
Batting: LHB Mike Davis 0-0: Ball
1-0: Ball
2-0: Called Strike
2-1: Fly out, F8 (Flyball, 8LS)
Batting: RHB José Colón 0-0: Ball
1-0: Called Strike
1-1: Ball
2-1: Swinging Strike
2-2: Strikes out swinging
Bottom of the 1st over - 0 runs, 0 hits, 0 errors, 2 left on base; San Jose 0 - District 9 0
TOP OF THE 2ND
San Jose Missions batting - Pitching for District 9 Prawns : RHP Larry Johnston
Batting: LHB Frank Geddes 0-0: Foul Ball, location: 2F
0-1: Called Strike
0-2: Strikes out swinging
Batting: RHB Jorge Díaz 0-0: Ball
1-0: Foul Ball, location: 2F
1-1: Foul Ball, location: 2F
1-2: Foul Ball, location: 2F
1-2: Foul Ball, location: 2F
1-2: Ball
2-2: Fly out, F9 (Flyball, 89S)
Batting: RHB Irwin Duncan 0-0: Ball
1-0: Ball
2-0: Called Strike
2-1: Called Strike
2-2: Strikes out looking
Top of the 2nd over - 0 runs, 0 hits, 0 errors, 0 left on base; San Jose 0 - District 9 0
BOTTOM OF THE 2ND
District 9 Prawns batting - Pitching for San Jose Missions : RHP José Rivera
Batting: LHB Manuel Cardenas 0-0: Ball
1-0: Ball
2-0: Ball
3-0: Called Strike
3-1: Foul Ball, location: 2F
3-2: Fly out, F4 (Line Drive, 4)
Batting: LHB António Romo 0-0: Ball
1-0: Ball
2-0: Foul Ball, location: 2F
2-1: SINGLE (Groundball, 4D)
Batting: RHB Alfredo Rangel 0-0: Foul Ball, location: 2F
0-1: SINGLE (Groundball, 6MD)
António Romo to second
Runner from 2nd tries for 3rd, SAFE, no throw
Batting: LHB Donnie Cunningham 0-0: Called Strike
0-1: Foul Ball, location: 2F
0-2: Ball
1-2: Fielders Choice at 2nd, 6-4 (Groundball, 6M)
António Romo scores
Batting: SHB David Boyle 0-0: Ball
1-0: Ball
2-0: Foul Ball, location: 2F
2-1: Ball
Donnie Cunningham steals 2nd base
3-1: Foul Ball, location: 2F
3-2: Strikes out swinging
Bottom of the 2nd over - 1 run, 2 hits, 0 errors, 1 left on base; San Jose 0 - District 9 1
TOP OF THE 3RD
San Jose Missions batting - Pitching for District 9 Prawns : RHP Larry Johnston
Batting: RHB Alberto Ramos 0-0: Called Strike
0-1: Ball
1-1: Ground out 6-3 (Groundball, 6)
Batting: RHB David Crespo 0-0: Ball
1-0: Ball
2-0: Ball
3-0: Called Strike
3-1: Called Strike
3-2: Foul Ball, location: 2F
3-2: Base on Balls
Batting: RHB Dan Mason 0-0: Called Strike
0-1: Swinging Strike
0-2: Ball
1-2: Foul Ball, location: 2F
Error on foul ball, E9
1-2: Ball
2-2: Grounds into double play, 3-6-3 (Groundball, 3)
Top of the 3rd over - 0 runs, 0 hits, 1 error, 0 left on base; San Jose 0 - District 9 1
BOTTOM OF THE 3RD
District 9 Prawns batting - Pitching for San Jose Missions : RHP José Rivera
Batting: SHB Chris Barrett 0-0: Ground out 4-3 (Groundball, 4M)
Batting: LHB Terry Simpson 0-0: Ball
1-0: Called Strike
1-1: DOUBLE (Flyball, 9LD)
Batting: LHB Mike Davis 0-0: Called Strike
0-1: Ball
1-1: Foul Ball, location: 2F
1-2: Ball
2-2: SINGLE (Flyball, 7LS)
Terry Simpson to third
Batting: RHB José Colón 0-0: SINGLE (Groundball, 6S) (infield hit)
Terry Simpson scores
Mike Davis to second
Batting: LHB Manuel Cardenas 0-0: Swinging Strike
0-1: Foul Ball, location: 2F
0-2: Fielders Choice at 2nd, 3-6 (Groundball, 3)
Mike Davis to third
Batting: LHB António Romo 0-0: Ball
1-0: Called Strike
1-1: Ball
2-1: Fly out, F4 (Popup, 4S)
Bottom of the 3rd over - 1 run, 3 hits, 0 errors, 2 left on base; San Jose 0 - District 9 2
TOP OF THE 4TH
San Jose Missions batting - Pitching for District 9 Prawns : RHP Larry Johnston
Batting: RHB Jesús Cruz 0-0: Swinging Strike
0-1: Ball
1-1: Fly out, F8 (Flyball, 8RXD)
Batting: LHB Weston Chaney 0-0: Foul Ball, location: 2F
0-1: Ground out 4-3 (Groundball, 4)
Batting: SHB Ángel González 0-0: Ball
1-0: SINGLE (Groundball, 4S) (infield hit)
Batting: LHB Frank Geddes 0-0: Called Strike
Ángel González steals 2nd base
0-1: Ball
1-1: Called Strike
1-2: Ball
2-2: Foul Ball, location: 2F
2-2: SINGLE (Groundball, 4MD)
Ángel González to third
Runner from 3rd tries for Home, SAFE, no throw
Batting: RHB Jorge Díaz 0-0: Called Strike
0-1: Ball
1-1: Ball
2-1: Ball
3-1: Foul Ball, location: 2F
3-2: Base on Balls
Frank Geddes to second
Batting: RHB Irwin Duncan 0-0: Ball
1-0: Fly out, F9 (Flyball, 9D)
Top of the 4th over - 1 run, 2 hits, 0 errors, 2 left on base; San Jose 1 - District 9 2
BOTTOM OF THE 4TH
District 9 Prawns batting - Pitching for San Jose Missions : RHP José Rivera
Batting: RHB Alfredo Rangel 0-0: Ball
1-0: Fly out, F8 (Flyball, 8LM)
Batting: LHB Donnie Cunningham 0-0: SINGLE (Line Drive, 6MD)
Batting: SHB David Boyle 0-0: Ball
1-0: Ball
2-0: Called Strike
2-1: Swinging Strike
2-2: Foul Ball, location: 2F
2-2: Foul Ball, location: 2F
2-2: SINGLE (Groundball, 4MD)
Donnie Cunningham to second
Runner from 2nd tries for 3rd, SAFE, no throw
Batting: SHB Chris Barrett 0-0: Ball
David Boyle is caught stealing 2nd base
1-0: Ball
2-0: Ground out 1-3 (Groundball, 13S)
Bottom of the 4th over - 0 runs, 2 hits, 0 errors, 1 left on base; San Jose 1 - District 9 2
TOP OF THE 5TH
San Jose Missions batting - Pitching for District 9 Prawns : RHP Larry Johnston
Batting: RHB Alberto Ramos 0-0: Ball
1-0: Foul Ball, location: 2F
1-1: Foul Ball, location: 2F
1-2: Reached on error, E5 (Groundball, 5)
Batting: RHB David Crespo 0-0: Called Strike
0-1: Ball
1-1: SINGLE (Flyball, 78S)
Alberto Ramos to second
Batting: RHB Dan Mason 0-0: Ball
1-0: Ground out 3-1 (Groundball, 34S)
Alberto Ramos to third
David Crespo to second
Batting: RHB Jesús Cruz 0-0: Ground out U3 (Groundball, 34)
Alberto Ramos scores
David Crespo to third
Batting: LHB Weston Chaney 0-0: Ball
1-0: Ball
2-0: Fly out, F7 (Flyball, 7LS)
Top of the 5th over - 1 run, 1 hit, 1 error, 1 left on base; San Jose 2 - District 9 2
BOTTOM OF THE 5TH
District 9 Prawns batting - Pitching for San Jose Missions : RHP José Rivera
Batting: LHB Terry Simpson 0-0: Ball
1-0: Ball
2-0: Called Strike
2-1: Fly out, F9 (Flyball, 9S)
Batting: LHB Mike Davis 0-0: Ball
1-0: SINGLE (Groundball, 34D)
Batting: RHB José Colón 0-0: Ball
1-0: Ball
2-0: Foul Ball, location: 2F
2-1: Swinging Strike
2-2: Strikes out swinging
Batting: LHB Manuel Cardenas 0-0: Called Strike
0-1: Fly out, F3 (Line Drive, 3)
Bottom of the 5th over - 0 runs, 1 hit, 0 errors, 1 left on base; San Jose 2 - District 9 2
TOP OF THE 6TH
San Jose Missions batting - Pitching for District 9 Prawns : RHP Larry Johnston
Batting: SHB Ángel González 0-0: Ball
1-0: Called Strike
1-1: Foul Ball, location: 2F
1-2: Ball
2-2: Foul Ball, location: 2F
2-2: Strikes out swinging
Batting: LHB Frank Geddes 0-0: Ball
1-0: Fly out, F7 (Flyball, 7)
Batting: RHB Jorge Díaz 0-0: Foul Ball, location: 2F
0-1: Ball
1-1: Foul Ball, location: 2F
1-2: Strikes out swinging, 2-3 out at first.
Top of the 6th over - 0 runs, 0 hits, 0 errors, 0 left on base; San Jose 2 - District 9 2
BOTTOM OF THE 6TH
District 9 Prawns batting - Pitching for San Jose Missions : RHP José Rivera
Pitching: RHP Francisco Arellano
Batting: LHB António Romo 0-0: Ball
1-0: Foul Ball, location: 2F
1-1: SOLO HOME RUN (Flyball, 9LD), Distance : 382 ft
Batting: RHB Alfredo Rangel 0-0: Called Strike
0-1: Ball
1-1: Foul Ball, location: 2F
1-2: Foul Ball, location: 2F
1-2: Foul Ball, location: 2F
1-2: Strikes out swinging
Batting: LHB Donnie Cunningham 0-0: Foul Ball, location: 2F
0-1: Fly out, F4 (Line Drive, 4)
Batting: SHB David Boyle 0-0: Ball
1-0: Ball
2-0: Called Strike
2-1: Swinging Strike
2-2: Foul Ball, location: 2F
2-2: SINGLE (Line Drive, 34D)
Batting: SHB Chris Barrett 0-0: Called Strike
0-1: Ball
1-1: Called Strike
1-2: Foul Ball, location: 2F
1-2: Ball
2-2: 2-RUN HOME RUN (Flyball, 7D), Distance : 388 ft
Pitching: RHP Ramón Fonseca
Batting: LHB Terry Simpson 0-0: Fly out, F8 (Flyball, 8RM)
Bottom of the 6th over - 3 runs, 3 hits, 0 errors, 0 left on base; San Jose 2 - District 9 5
TOP OF THE 7TH
San Jose Missions batting - Pitching for District 9 Prawns : RHP Larry Johnston
Pitching: RHP Juan Carlos Guerrero
Batting: RHB Irwin Duncan 0-0: Ground out U3 (Groundball, 34)
Batting: RHB Alberto Ramos 0-0: Ball
1-0: Ball
2-0: Ground out 6-3 (Groundball, 6)
Batting: RHB David Crespo 0-0: Ball
1-0: Ball
2-0: Foul Ball, location: 2F
2-1: Ball
3-1: Swinging Strike
3-2: Fly out, F9 (Flyball, 9S)
Top of the 7th over - 0 runs, 0 hits, 0 errors, 0 left on base; San Jose 2 - District 9 5
BOTTOM OF THE 7TH
District 9 Prawns batting - Pitching for San Jose Missions : RHP Ramón Fonseca
Batting: LHB Mike Davis 0-0: Foul Ball, location: 2F
0-1: Foul Ball, location: 2F
0-2: Ground out U3 (Groundball, 34)
Batting: RHB José Colón 0-0: Called Strike
0-1: Called Strike
0-2: Foul Ball, location: 2F
0-2: Fly out, F9 (Flyball, 9LS)
Batting: LHB Manuel Cardenas 0-0: Swinging Strike
0-1: Swinging Strike
0-2: Fly out, F9 (Flyball, 9S)
Bottom of the 7th over - 0 runs, 0 hits, 0 errors, 0 left on base; San Jose 2 - District 9 5
TOP OF THE 8TH
San Jose Missions batting - Pitching for District 9 Prawns : RHP Juan Carlos Guerrero
Batting: RHB Dan Mason 0-0: Ground out 5-3 (Groundball, 56S)
Batting: RHB Jesús Cruz 0-0: Ground out 4-3 (Groundball, 4)
Batting: LHB Weston Chaney 0-0: Ball
1-0: Ball
2-0: Ball
3-0: DOUBLE (Line Drive, 9LM)
Batting: SHB Ángel González 0-0: Ball
1-0: Foul Ball, location: 2F
1-1: Fly out, F4 (Line Drive, 4)
Top of the 8th over - 0 runs, 1 hit, 0 errors, 1 left on base; San Jose 2 - District 9 5
BOTTOM OF THE 8TH
District 9 Prawns batting - Pitching for San Jose Missions : RHP Ramón Fonseca
Batting: LHB António Romo 0-0: DOUBLE (Line Drive, 9LS)
Pitching: RHP Shiki Kanno
Batting: RHB Alfredo Rangel 0-0: Ball
1-0: Fly out, F7 (Flyball, 78S)
Pitching: RHP Kazuo Mochizuki
Batting: LHB Donnie Cunningham 0-0: Called Strike
0-1: Ball
1-1: DOUBLE (Flyball, 89D)
António Romo scores
Batting: SHB David Boyle 0-0: Ball
1-0: Ball
2-0: Called Strike
2-1: Ball
3-1: Called Strike
3-2: Base on Balls
Batting: SHB Chris Barrett 0-0: Ball
1-0: Called Strike
1-1: SINGLE (Flyball, 8LS)
Donnie Cunningham to third
David Boyle to second
Batting: LHB Terry Simpson 0-0: Called Strike
0-1: Foul Ball, location: 2F
0-2: Strikes out looking
Batting: LHB Mike Davis 0-0: Ball
1-0: Swinging Strike
1-1: Foul Ball, location: 2F
1-2: SINGLE (Groundball, 4MD)
Donnie Cunningham scores
David Boyle to third
Chris Barrett to second
Runner from 3rd tries for Home, SAFE, no throw
Batting: RHB José Colón 0-0: Called Strike
Balk!
Chris Barrett to third
Mike Davis to second
0-1: Foul Ball, location: 2F
0-2: Strikes out looking
Bottom of the 8th over - 3 runs, 4 hits, 0 errors, 2 left on base; San Jose 2 - District 9 8
TOP OF THE 9TH
San Jose Missions batting - Pitching for District 9 Prawns : RHP Juan Carlos Guerrero
Now at SS: Jeff Doss
Batting: LHB Frank Geddes 0-0: Called Strike
0-1: Swinging Strike
0-2: Strikes out looking
Batting: RHB Jorge Díaz 0-0: Ball
1-0: Ball
2-0: Called Strike
2-1: Ball
3-1: Called Strike
3-2: Foul Ball, location: 2F
3-2: Foul Ball, location: 2F
3-2: Base on Balls
Batting: RHB Irwin Duncan 0-0: Ball
1-0: Ball
2-0: Fly out, F6 (Popup, P)
Batting: RHB Alberto Ramos 0-0: Fly out, F7 (Flyball, 7LD)
Top of the 9th over - 0 runs, 0 hits, 0 errors, 1 left on base; San Jose 2 - District 9 8
Saturday, April 7th, 2018 - OOTP Baseball 18.8 Build 76